 Dungeon Crawl Stone Soup version 0.25.0-9-g26727b657a (webtiles) character file.

Game seed: 10242580115707541657

1501 vurker the Zephyrmancer (level 8, 0/48 HPs)
             Began as a Tengu Air Elementalist on June 17, 2020.
             Killed from afar by Maggie (18 damage)
             ... with a bolt of fire
             ... on level 6 of the Dungeon.
             The game lasted 00:09:54 (7543 turns).

vurker the Zephyrmancer (Tengu Air Elementalist)    Turns: 7543, Time: 00:09:55

Health: 0/48       AC:  2    Str:  9    XL:     8   Next: 81%
Magic:  7/18       EV: 15    Int: 17    God:
Gold:   241        SH:  0    Dex: 15    Spells: 9/19 levels left

rFire    . . .     SeeInvis .   r - +3 dagger (drain)
rCold    . . .     Gourm    .   (no shield)
rNeg     + . .     Faith    .   a - +0 robe
rPois    .         Spirit   .   (helmet restricted)
rElec    .         Reflect  .   (no cloak)
rCorr    .         Harm     .   (no gloves)
MR       .....                  (boots unavailable)
Stlth    ++........             (no amulet)
HPRegen  0.16/turn              l - ring of positive energy
MPRegen  0.16/turn              (no ring)

@: flying quickly and evasively, mesmerised, quick
A: beak, talons 3, able to fly
a: Stop Flying


You were on level 6 of the Dungeon.
You were not hungry.

You visited 1 branch of the dungeon, and saw 6 of its levels.

You collected 241 gold pieces.

Inventory:

Hand Weapons
 b - the +3 hunting sling of the Iron City of Dis {venom, rF++ Str+4 Dex+2}
   (You found it on level 5 of the Dungeon)

   It poisons the ammo it fires.
   It affects your strength (+4).
   It affects your dexterity (+2).
   It greatly protects you from fire.
 g - a +1 dagger of venom
   (You took it off an orc wizard on level 4 of the Dungeon)
 r - a +3 dagger of draining (weapon)
   (You took it off a goblin on level 2 of the Dungeon)
Armour
 a - a +0 robe (worn)
Magical Staves
 f - an uncursed staff of wizardry
   (You found it on level 5 of the Dungeon)
Jewellery
 l - a ring of positive energy (left hand)
   (You found it on level 1 of the Dungeon)
 x - a +4 ring of protection {unknown}
   (You found it on level 5 of the Dungeon)
Scrolls
 d - a scroll of immolation
 k - 3 scrolls of fear
 o - a scroll of teleportation
 v - a scroll of identify
Potions
 h - a potion of heal wounds
 i - 3 potions of mutation
 j - a potion of curing
 p - a potion of lignification
 q - a potion of ambrosia
 u - 4 potions of magic
 A - a potion of resistance {unknown}
Comestibles
 c - a chunk of flesh
 e - 10 rations


   Skills:
 + Level 4.1 Fighting
 - Level 2.1 Dodging
 - Level 2.0 Stealth
 * Level 6.0 Spellcasting
 + Level 5.5 Conjurations
 * Level 9.0 Air Magic


You had 9 spell levels left.
You knew the following spells:

 Your Spells              Type           Power        Failure   Level  Hunger
a - Shock                 Conj/Air       ####         1%          1    None
b - Lightning Bolt        Conj/Air       ####......   19%         5    #####..
c - Airstrike             Air            #####.....   3%          4    ####...

Your spell library contained the following spells:

 Spells                   Type           Power        Failure   Level  Hunger
 Static Discharge         Conj/Air       ####....     1%          3    ##.....
 Swiftness                Chrm/Air       ###.....     3%          2    None
 Foxfire                  Conj/Fire      ##..         4%          1    None
 Conjure Flame            Conj/Fire      ##......     12%         3    ##.....
 Animate Skeleton         Necr           N/A          13%         1    None
 Apportation              Tloc           #.....       13%         1    None
 Corona                   Hex            #......      13%         1    None
 Summon Small Mammal      Summ           #...         13%         1    None
 Inner Flame              Hex/Fire       #.......     36%         3    ##.....
 Sticky Flame             Conj/Fire      ##......     38%         4    ####...
 Fireball                 Conj/Fire      ##........   75%         5    #####..


Dungeon Overview and Level Annotations

Branches:
Dungeon (6/15)
 Temple: D:4-7

Altars:

Annotations:
D:5 3 runed translucent doors, Raspi's ghost, novice GnSk
D:6 Maggie


Innate Abilities, Weirdness & Mutations

You have a beak for a mouth.
You have claws for feet.
You can fly continuously.


Message History

The worker ant is too close now for your liking.
Aim: a worker ant (heavily wounded)
The zap hits the worker ant.
Aim: a worker ant (almost dead) That beam is likely to hit you.
Continue anyway? [Y]es or [N]o only, please.
That beam is likely to hit you.
Continue anyway?
Okay, then.
Unknown command.
Aim: a worker ant (almost dead)
The zap hits the worker ant!
You kill the worker ant!
You can't see any susceptible monsters within range! (Use Z to cast anyway.)
You can't see any susceptible monsters within range! (Use Z to cast anyway.)
You are near starving!
You see here a worker ant corpse.
You butcher the worker ant corpse.
c - 3 chunks of flesh Eating one of 3 chunks of flesh.
You eat one of the 3 chunks of flesh.
You are feeling hungry.
Eating one of 2 chunks of flesh.
You eat one of the 2 chunks of flesh.
Found 3 scrolls of fear.
Found a stone staircase leading down.
k - 3 scrolls of fear Maggie the Vainglorious comes into view.
She is wielding a +0 scimitar.
Maggie shouts!
Found a scroll of identify.
Found a stone staircase leading up.
Aim: Maggie, wielding a +0 scimitar and wearing +0 swamp dragon scales The zap misses Maggie.
Aim: Maggie, wielding a +0 scimitar and wearing +0 swamp dragon scales The zap hits Maggie but does no damage.
Aim: Maggie, wielding a +0 scimitar and wearing +0 swamp dragon scales The zap hits Maggie.
Maggie gestures wildly while chanting.
Maggie attempts to bespell you!
You are mesmerised by Maggie!
Aim: Maggie, wielding a +0 scimitar and wearing +0 swamp dragon scales (lightly wounded, mesmerising)
The zap misses Maggie.
Aim: Maggie, wielding a +0 scimitar and wearing +0 swamp dragon scales (lightly wounded, mesmerising)
The zap hits Maggie. x2
The zap hits Maggie.
The zap hits Maggie!
Maggie barely misses you.
The zap hits Maggie. x2
Maggie casts a spell at you. The bolt of fire hits you!!
The zap misses Maggie. x2; Maggie hits you with a +0 scimitar!
* * * LOW HITPOINT WARNING * * *
Aim: Maggie, wielding a +0 scimitar and wearing +0 swamp dragon scales (heavily wounded, mesmerising)
The air twists around and strikes Maggie.
Maggie gestures at you while chanting. The bolt of fire hits you!!
You die...

.............## *,*,,*,,,
...####.#.#.#.#####** ***,,*,**
...####.#.#<........# **,*,,,
........#<###.#####.# *,**,,
.#########....# *.# *,,*,, .###
*###.# *.# **,**, ...# ########.#
*.# *,,** .#.# #..>.....#####.#
***,,* .#.# #..........@@..#
*****,**,, .#.#
#.......##.##.##***,,,,,,***
...###.......##.#.....@<.?,,,,,,*
....##.......##.#.#.##.#..,,,,,,,
.##.##..........#.*.#*,****,,,,,*
(##.##............,.#*,* *,,,,,*
..#....##########.###*,* *,,,,,*
#.#....#********#.#***,* *,,,,,*
.......#*,,,,,,,..,,,,,* *,,,,,*


You could see Maggie (mesmerising).

Vanquished Creatures
  A hippogriff (D:5)
  Sigmund (D:5)
  A sky beast (D:5)
  An ice beast (D:5)
  A phantom (D:5)
  An ogre (D:4)
  A scorpion (D:5)
  2 bullfrog zombies
  A crimson imp (D:5)
  2 orc priests
  A hound (D:4)
  A centaur skeleton (D:6)
  4 orc wizards
  Terence (D:2)
  6 worker ants
  A hound skeleton (D:5)
  2 worker ant zombies (D:4)
  A howler monkey skeleton (D:2)
  8 adders
  A shadow imp (D:5)
  2 oozes (D:2)
  2 worms (D:2)
  3 dart slugs
  3 leopard geckos
  24 orcs
  A ball python (D:3)
  4 giant cockroaches
  12 goblins
  13 hobgoblins
  2 jackals (D:1)
  6 quokkas
  6 bats
  4 frilled lizards (D:2)
  8 kobolds
  A leopard gecko zombie (D:5)
  9 rats
138 creatures vanquished.

Notes
Turn   | Place    | Note
-------+----------+-------------------------------------------
     0 | D:1      | vurker the Tengu Air Elementalist began the quest for the
                  | Orb.
     0 | D:1      | Reached XP level 1. HP: 10/10 MP: 4/4
   410 | D:1      | Reached XP level 2. HP: 15/15 MP: 0/6
  1269 | D:1      | Reached XP level 3. HP: 19/20 MP: 0/7
  1545 | D:2      | Reached skill level 1 in Fighting
  1981 | D:2      | Reached XP level 4. HP: 25/25 MP: 3/9
  2081 | D:2      | Reached skill level 5 in Air Magic
  2815 | D:2      | Noticed Terence
  2827 | D:2      | Killed Terence
  2827 | D:2      | Gained mutation: You can fly continuously. [Tengu growth]
  2827 | D:2      | Reached XP level 5. HP: 24/29 MP: 4/10
  3054 | D:3      | Learned a level 5 spell: Lightning Bolt
  3059 | D:3      | Learned a level 4 spell: Airstrike
  3318 | D:3      | Reached XP level 6. HP: 26/35 MP: 5/12
  3625 | D:3      | Reached skill level 6 in Air Magic
  4726 | D:4      | Reached XP level 7. HP: 40/40 MP: 5/14
  5093 | D:4      | Reached skill level 7 in Air Magic
  5362 | D:5      | Entered Level 5 of the Dungeon
  5787 | D:5      | Got a smouldering hunting sling
  5788 | D:5      | Identified the +3 hunting sling of the Iron City of Dis
                  | {venom, rF++ Str+4 Dex+2} (You found it on level 5 of the
                  | Dungeon)
  5930 | D:5      | Noticed a hippogriff
  5941 | D:5      | Killed a hippogriff
  5941 | D:5      | Reached skill level 5 in Spellcasting
  5941 | D:5      | Reached skill level 8 in Air Magic
  5941 | D:5      | Reached XP level 8. HP: 32/46 MP: 8/16
  6086 | D:5      | Found a runed translucent gate.
  6086 | D:5      | Found a runed translucent gate.
  6086 | D:5      | Found a runed translucent gate.
  6087 | D:5      | Noticed Raspi's ghost (novice GnSk)
  6486 | D:5      | Noticed a troll
  6553 | D:5      | Reached skill level 5 in Conjurations
  6684 | D:5      | Noticed Sigmund
  6704 | D:5      | Killed Sigmund
  7068 | D:5      | Reached skill level 9 in Air Magic
  7532 | D:6      | Noticed Maggie
  7543 | D:6      | Killed from afar by Maggie

Illustrated notes

Levels and vault maps discovered:
D:1:      dpeg_arrival_boxorama, layout_rooms
D:2:      minmay_angry_zag, layout_basic, first_ration, uniq_terence
D:3:      layout_loops_ring
D:4:      layout_rooms
D:5:      layout_loops_ring, gammafunk_ghost_split, serial_co_window_serial,
          co_window_of_opportunity_a, co_window_corner_a, co_window_paths_a,
          co_window_paths_b, co_window_of_opportunity_a,
          co_window_of_opportunity_c, co_window_of_opportunity_b,
          co_window_corner_cb, co_window_2corner, co_window_of_opportunity_b,
          glass_columns_a, glass_columns_a, glass_columns_b, uniq_sigmund
D:6:      minmay_evil_eye, layout_loops_cross, grunt_qazlal_clouds, uniq_maggie,
          uniq_crazy_yiuf_cottage, uniq_edmund

Skill      XL: |  1  2  3  4  5  6  7  8 |
---------------+-------------------------+-----
Conjurations   | 2 3 4 5 |  5.5
Fighting       | 1 2 3 4 |  4.1
Air Magic      | 5 6 8 9 |  9.0
Spellcasting   | 3 4 5 6 |  6.0
Dodging        | |  2.1
Stealth        | |  2.0

Action                   |  1- 3 |  4- 6 |  7- 9 || total
-------------------------+-------+-------+-------++-------
Melee: Unarmed           |    14 |       |       ||    14
       Peck              |     4 |       |       ||     4
       Kick              |     7 |     2 |       ||     9
       Dagger            |    13 |     6 |       ||    19
 Cast: Shock             |    72 |   178 |   131 ||   381
       Airstrike         |       |       |     7 ||     7
 Abil: Fly               |       |     1 |       ||     1
  Use: Scroll            |       |     7 |    11 ||    18
       Potion            |       |       |     1 ||     1
  Eat: Chunk             |     4 |     9 |     9 ||    22
Armor: Robe              |     5 |     1 |     3 ||     9
Dodge: Dodged            |    18 |    21 |    30 ||    69
